 Dungeon Crawl Stone Soup version 0.22-a0-49-g614aadd (webtiles) character file.

61 gmonis the Firebug (level 3, -3/26 HPs)
             Began as a Draconian Fire Elementalist on Jan 8, 2018.
             Slain by Sigmund
             ... wielding a +5 scythe of freezing
              (4 damage)
             ... on level 2 of the Dungeon.
             The game lasted 00:05:22 (1158 turns).

gmonis the Firebug (Draconian Fire Elementalist)    Turns: 1158, Time: 00:05:24

Health: -3/26      AC:  5    Str: 10    XL:     3   Next: 83%
Magic:  3/6        EV: 12    Int: 16    God:
Gold:   93         SH:  0    Dex: 11    Spells: 2/6 levels left

rFire    . . .     SeeInvis .   (no weapon)
rCold    . . .     Gourm    .   (no shield)
rNeg     . . .     Faith    .   (armour unavailable)
rPois    .         Spirit   .   (helmet restricted)
rElec    .         Reflect  .   (no cloak)
rCorr    .         Harm     .   (no gloves)
MR       +....                  (no boots)
Stlth    ++........             (no amulet)
HPRegen  0.08/turn              n - ring of protection from magic
MPRegen  0.10/turn              (no ring)

@: slowed, very slow
A: unfitting armour, cold-blooded, AC +5
a: no special abilities


You were on level 2 of the Dungeon.
You were not hungry.

You visited 1 branch of the dungeon, and saw 2 of its levels.

You collected 93 gold pieces.

Inventory:

Missiles
 e - 80 stones (quivered)
Jewellery
 n - a ring of protection from magic (left hand)
Wands
 o - a wand of random effects (31)
Scrolls
 c - a scroll of enchant weapon {unknown}
 d - 2 scrolls of remove curse {unknown}
 f - 2 scrolls of identify {unknown}
 l - a scroll of magic mapping {unknown}
Potions
 g - a potion of might {unknown}
 h - 2 potions of curing {unknown}
 i - a potion of degeneration {unknown}
 j - a potion of mutation {unknown}
 k - a potion of resistance {unknown}
 m - a potion of haste {unknown}
Books
 a - a book of Flames

   Spells                             Type                      Level
   a - Flame Tongue                   Conjuration/Fire             1
   b - Throw Flame                    Conjuration/Fire             2
   c - Conjure Flame                  Conjuration/Fire             3
   d - Inner Flame                    Hexes/Fire                   3
   e - Sticky Flame                   Conjuration/Fire             4
   f - Fireball                       Conjuration/Fire             5
Comestibles
 b - 2 rations


   Skills:
 - Level 1.7 Dodging
 - Level 1.7 Stealth
 + Level 2.3 Spellcasting
 * Level 1.6 Conjurations
 * Level 4.3 Fire Magic


You had 2 spell levels left.
You knew the following spells:

 Your Spells              Type           Power        Failure   Level  Hunger
a - Flame Tongue          Conj/Fire      ##...        6%          1    #......
b - Conjure Flame         Conj/Fire      ##......     17%         3    ###....


Dungeon Overview and Level Annotations

Branches:
Dungeon (2/15)

Altars:
Xom

Annotations:
D:2 Sigmund


Innate Abilities, Weirdness & Mutations

Your plain brown scales are hard. (AC +5)
You cannot fit into any form of body armour.
You are cold-blooded and may be slowed by cold attacks.


Message History

Sigmund shouts!
Sigmund mumbles some strange words.
Sigmund flickers and vanishes!
You see here a chunk of flesh.
Eat a chunk of flesh? (ye/n/q)
You eat the chunk of flesh.
This raw flesh tastes terrible.
Casting: Flame Tongue
Confirm with . or Enter, or press ? or * to list all spells.
You don't know that spell.
Casting: Flame Tongue
Confirm with . or Enter, or press ? or * to list all spells.
You don't have enough magic to cast that spell.
Casting: Flame Tongue
Confirm with . or Enter, or press ? or * to list all spells.
You can't see any susceptible monsters within range! (Use Z to cast anyway.)
Something hits you!
Ouch! That really hurt!
* * * LOW HITPOINT WARNING * * *
You feel yourself slow down. Something freezes you.
You die...

..#......_.....#
#.##.#.......#.#..
..##.#.......#.#.#
.###.##.....##.#.#
.# #.####.####.#.#
## #..............
# ###..#..##....#
# ##.###.#####.#
#####..# #.....#@#
......## #####.#.#
..##.## #...#
...#.# ##.##
...#.# ### ..##.#
.##... ## #+# #


There were no monsters in sight!

Vanquished Creatures
  Jessica (D:2)
  An adder (D:2)
  A worm (D:2)
  A leopard gecko (D:2)
  3 bats
  A goblin (D:1)
  3 hobgoblins (D:1)
  3 jackals (D:2)
  A kobold (D:1)
  A quokka (D:2)
  A ball python (D:1)
  A frilled lizard (D:2)
  3 rats
21 creatures vanquished.

Notes
Turn   | Place    | Note
-------+----------+-------------------------------------------
     0 | D:1      | gmonis the Draconian Fire Elementalist began the quest for the Orb.
     0 | D:1      | Reached XP level 1. HP: 14/14 MP: 3/3
   389 | D:1      | Reached XP level 2. HP: 20/20 MP: 3/5
   620 | D:2      | Noticed Jessica
   628 | D:2      | Killed Jessica
   628 | D:2      | Reached skill level 4 in Fire Magic
   628 | D:2      | Reached XP level 3. HP: 26/26 MP: 0/6
   651 | D:2      | Learned a level 3 spell: Conjure Flame
   927 | D:2      | Found a shimmering altar of Xom.
   976 | D:2      | Noticed Sigmund
  1158 | D:2      | HP: 1/26 [something (14)]
  1158 | D:2      | Slain by Sigmund

Vault maps used:
D:1:      moated_graveyard_arrival, minmay_misc_feat_roman, minmay_vboxes
D:2:      old_standard_altar, yredelemnul_altar_generic,
          grunt_temple_overflow_diamond, uniq_sigmund, uniq_jessica

Skill      XL: |  1  2 |
---------------+-------+-----
Fire Magic     | 4 |  4.3
Dodging        | |  1.7
Stealth        | |  1.7
Spellcasting   | |  2.3
Conjurations   | |  1.6

Action                   || total
-------------------------++-------
Melee: Unarmed           ||     6
 Cast: Flame Tongue      ||    50
       Conjure Flame     ||     1
  Eat: Chunk             ||     2
Armor: Skin              ||     6
Dodge: Dodged            ||    14

Table legend:
 A = Spawn XP
 B = Non-spawn XP
 C = Spawn XP percentage of total XP
 D = Spawn monster count
 E = Non-spawn monster count
 F = Spawn count percentage of total count
 G = Total turns spent on level
                    A         B        C        D         E        F      G
               +---------+---------+-------+---------+---------+-------+---------
         Total |       0 |      88 |   0.0 |       0 |      21 |   0.0 |  1158
               +---------+---------+-------+---------+---------+-------+---------
           D:1 |       0 |      15 |   0.0 |       0 |       9 |   0.0 |   756
           D:2 |       0 |      73 |   0.0 |       0 |      12 |   0.0 |   402
               +---------+---------+-------+---------+---------+-------+---------
